AoeStats
← EmirR6S

Arabia

506447055Analyzed
3v3 RM · 18d ago on Sep 13, 2026· 44m 5s· 6 players
Game mode
Random Map
Map size
Normal (6 player)
Population
200
Speed
Normal
Resources
Standard
Victory
Conquest
Starting age
Dark Age
Ending age
Imperial Age
RankedLock teamsTeams togetherTeam positionsShared explorationLock speedFull tech treeHidden civsTurbo modeCheats
Victory
Defeat
🇨🇿 Spanish · Czechia
943
+16
🇨🇿 Huns · Czechia
909
+18
🇨🇿 Lithuanians · Czechia
902
+18
🇷🇴 Britons · Romania
978
-18
🇷🇴 Franks · Romania
937
-24
🇷🇴 Franks · Romania
928
-17
Kolbaba22
3:28 Loom
9:49 Feudal Age
20:24 Castle Age
19:56 Wheelbarrow
19:15 Fletching
19:25 Padded Archer Armor
20:04 Bloodlines
22:06 Double-Bit Axe
26:27 Leather Archer Armor
26:08 Bodkin Arrow
30:46 Ballistics
30:43 Scale Barding Armor
31:16 Forging
30:47 Light Cavalry
36:48 Imperial Age
38:10 Parthian Tactics
38:25 Husbandry
41:43 Iron Casting
42:51 Chain Barding Armor
43:51 Hand Cart
43:59 Horse Collar
Kubicek-Mexico
10:00 Feudal Age
8:15 Loom
11:16 Wheelbarrow
11:30 Double-Bit Axe
14:08 Horse Collar
16:57 Bloodlines
20:43 Castle Age
20:33 Scale Barding Armor
20:29 Scale Mail Armor
20:20 Fletching
21:35 Heavy Plow
22:35 Husbandry
22:47 Gold Mining
22:47 Stone Mining
22:56 Stone Mining
22:57 Gold Mining
23:16 Light Cavalry
25:37 Forging
25:28 Bodkin Arrow
27:32 Pikeman
28:12 Squires
29:30 Hand Cart
39:59 Imperial Age
42:11 Elite Leitis
43:30 Padded Archer Armor
44:11 Murder Holes
44:37 Ballistics
eichler.l
0:58 Loom
12:22 Feudal Age
13:27 Town Watch
13:44 Double-Bit Axe
15:07 Wheelbarrow
18:04 Horse Collar
18:56 Scale Barding Armor
23:15 Bloodlines
27:24 Castle Age
26:07 Fletching
28:11 Husbandry
32:08 Hand Cart
35:50 Town Patrol
35:59 Padded Archer Armor
36:20 Chain Barding Armor
35:56 Bodkin Arrow
36:27 Ballistics
36:03 Murder Holes
36:26 Gold Mining
36:30 Stone Mining
37:01 Heavy Plow
40:58 Leather Archer Armor
44:40 Imperial Age
EmirR6S
10:25 Feudal Age
10:38 Feudal Age
16:08 Castle Age
16:50 Double-Bit Axe
20:00 Fletching
32:26 Bodkin Arrow
32:27 Elite Skirmisher
35:00 Bow Saw
36:03 Stone Mining
36:04 Gold Mining
38:08 Wheelbarrow
38:55 Gold Mining
43:38 Imperial Age
41:38 Hand Cart
41:43 Pikeman
43:07 Gold Shaft Mining
George Droyd
0:37 Loom
10:30 Feudal Age
12:18 Horse Collar
17:50 Castle Age
15:51 Double-Bit Axe
18:17 Pikeman
23:13 Heavy Plow
24:29 Fletching
25:16 Crossbowman
28:50 Wheelbarrow
29:24 Gold Mining
29:24 Stone Mining
29:47 Bow Saw
34:10 Imperial Age
34:44 Bodkin Arrow
34:25 Arbalester
36:03 Hand Cart
35:42 Halberdier
39:49 Gold Shaft Mining
39:55 Bracer
41:23 Two-Man Saw
42:18 Chemistry
42:38 Yeomen
42:00 Elite Longbowman
YANNICKKO
8:49 Loom
12:59 Feudal Age
19:54 Double-Bit Axe
24:33 Castle Age
24:47 Wheelbarrow
29:30 Pikeman
39:07 Scale Barding Armor
Connection lost

Rejoining the realm…

Still unreachable

The connection could not be restored.

Session expired

The server has moved on; the page needs a fresh start.